 Dungeon Crawl Stone Soup version 0.23-a0-673-g3803c42f16 (webtiles) character file.

77744 Morbidden the Slicer (level 15, 0/84 HPs)
             Began as a Vine Stalker Fighter on Jan 9, 2019.
             Was a High Priest of Wu Jian.
             Killed by divine providence
             ... invoked by an orc priest
              (9 damage)
             ... on level 2 of the Orcish Mines.
             The game lasted 01:10:54 (20209 turns).

Morbidden the Slicer (Vine Stalker Fighter)        Turns: 20209, Time: 01:10:55

Health: 0/84       AC: -3    Str: 19    XL:     15   Next: 57%
Magic:  0/31       EV: 16    Int:  8    God:    Wu Jian [*****.]
Gold:   1841       SH: 20    Dex: 23    Spells: 36/36 levels left

rFire    + + .     SeeInvis .   b - +3 rapier (elec)
rCold    + . .     Gourm    .   E - +2 large shield
rNeg     . . .     Faith    .   o - +0 steam dragon scales
rPois    .         Spirit   +   z - +0 helmet
rElec    +         Reflect  .   R - scarf {rC+ rF+}
rCorr    .         Harm     .   n - +0 pair of gloves
MR       ++...                  Q - +2 pair of boots {Fly}
Stlth    ++++......             Z - amulet of magic regeneration
HPRegen  1.04/turn              G - ring "Deato" {rElec rF+ Dex+3}
MPRegen  0.47/turn              d - ring of protection from magic

@: corroded, flying
A: fangs 3, regeneration 2, magic shield, antimagic bite, no potion heal 3, rot
immunity
a: Wall Jump, Serpent's Lash, Heavenly Storm, Renounce Religion, Stop Flying


You were on level 2 of the Orcish Mines.
You worshipped Wu Jian.
Wu Jian was extremely pleased with you.
You were hungry.

You visited 4 branches of the dungeon, and saw 24 of its levels.
You also visited: Ossuary.

You collected 1841 gold pieces.

Inventory:

Hand Weapons
 b - a +3 rapier of electrocution (weapon)
 O - a +4 dagger
Missiles
 q - 28 tomahawks (quivered)
 y - 4 throwing nets
Armour
 c - a +0 hat of magic resistance
 n - a +0 pair of gloves (worn)
 o - +0 steam dragon scales (worn)
 z - a +0 helmet (worn)
 E - a +2 large shield (worn)
 Q - a +2 pair of boots of flying (worn)
 R - a scarf of resistance (worn)
Jewellery
 d - a ring of protection from magic (right hand)
 G - the ring "Deato" (left hand) {rElec rF+ Dex+3}
   (You found it on level 4 of the Lair of Beasts)

   [ring of protection from fire]

   It affects your dexterity (+3).
   It protects you from fire.
   It insulates you from electricity.
 Z - an amulet of magic regeneration (around neck)
Wands
 e - a wand of paralysis (10)
 t - a wand of iceblast (8)
 D - a wand of disintegration (32)
 N - a wand of random effects (25)
 S - a wand of acid (11)
 W - a wand of digging (5)
Scrolls
 a - 8 scrolls of teleportation
 g - 17 scrolls of remove curse
 l - 9 scrolls of immolation
 r - 6 scrolls of noise
 s - 2 scrolls of magic mapping
 w - 2 scrolls of random uselessness
 x - 2 scrolls of identify
 B - a scroll of fear
 F - 3 scrolls of brand weapon
 H - 2 scrolls of enchant armour
 I - a scroll of amnesia
 P - a scroll of vulnerability {unknown}
 T - a scroll of summoning {unknown}
 V - a scroll of holy word
Potions
 h - 2 potions of cancellation
 i - 4 potions of flight
 j - 11 potions of curing
 k - 3 potions of resistance
 m - 2 potions of ambrosia
 u - a potion of brilliance
 v - 5 potions of mutation
 A - a potion of might
 C - 2 potions of berserk rage
 K - 2 potions of lignification
 L - a potion of invisibility
 M - a potion of magic
 X - 2 potions of haste
Miscellaneous
 p - a lamp of fire
 J - a sack of spiders
Comestibles
 f - 36 rations


   Skills:
 * Level 12.2 Fighting
 + Level 12.9 Short Blades
 + Level 5.8 Armour
 + Level 7.3 Dodging
 + Level 8.2 Stealth
 * Level 10.0 Shields
 * Level 11.0 Spellcasting
 + Level 2.6 Evocations


You had 36 spell levels left.
You didn't know any spells.
Your spell library contained the following spells:

 Spells                   Type           Power        Failure   Level  Hunger
 Corona                   Hex            #......      69%         1    None
 Flame Tongue             Conj/Fire      #....        69%         1    None
 Magic Dart               Conj           #...         69%         1    None
 Shock                    Conj/Air       #...         69%         1    None
 Blink                    Tloc           N/A          83%         2    #......
 Call Imp                 Summ           #.......     83%         2    #......
 Ensorcelled Hibernation  Hex/Ice        #.....       83%         2    #......
 Slow                     Hex            #.......     83%         2    #......
 Swiftness                Chrm/Air       #.......     83%         2    #......
 Throw Flame              Conj/Fire      #.....       83%         2    #......
 Confuse                  Hex            #.......     96%         3    ###....
 Conjure Flame            Conj/Fire      #.......     96%         3    ###....
 Dazzling Spray           Conj/Hex       #.....       96%         3    ###....
 Inner Flame              Hex/Fire       #.......     96%         3    ###....
 Mephitic Cloud           Conj/Pois/Air  #.......     96%         3    ###....
 Portal Projectile        Hex/Tloc       #.....       96%         3    ###....
 Recall                   Summ/Tloc      N/A          96%         3    ###....
 Static Discharge         Conj/Air       #.......     96%         3    ###....
 Tukima's Dance           Hex            #.......     96%         3    ###....
 Airstrike                Air            #.........   100%        4    ####...
 Cause Fear               Hex            #.........   100%        4    ####...
 Leda's Liquefaction      Hex/Erth       #.........   100%        4    ####...
 Sticky Flame             Conj/Fire      #.......     100%        4    ####...
 Aura of Abjuration       Summ           #.........   100%        5    ######.
 Fireball                 Conj/Fire      #.........   100%        5    ######.
 Lightning Bolt           Conj/Air       #.........   100%        5    ######.
 Summon Demon             Summ           #.........   100%        5    ######.
 Summon Forest            Summ/Tloc      #.........   100%        5    ######.
 Summon Mana Viper        Hex/Summ       #.......     100%        5    ######.
 Shadow Creatures         Summ           N/A          100%        6    #######


Dungeon Overview and Level Annotations

Branches:
Dungeon (15/15)            Temple (1/1) D:4            Lair (6/6) D:8
 Shoals (0/4) Lair:3       Spider (0/4) Lair:3        Slime (0/5) Lair:5
    Orc (2/2) D:12            Elf (0/3) Orc:2        Vaults (0/5) D:14
 Depths (0/5) D:15

Altars:
Cheibriados
Elyvilon
Hepliaklqana
Makhleb
Nemelex Xobeh
Okawaru
Qazlal
Ru
Trog
Wu Jian
Xom
Yredelemnul
Zin
Beogh
Jiyva

Shops:
D:9 %   D:12 [   Orc:2 [*(*

Portals:
Hell: Lair:6
Trove: D:13 (give +2 storm dragon scales)

Annotations:
D:8 1 runed door, SpeedVeins's ghost, novice MiFi
D:10 exclusion: upstairs
Lair:4 3 runed doors, Cemeysch's ghost, journeyman GnWn
Lair:5 2 runed doors, Uhin Nir's ghost, journeyman MiBe


Innate Abilities, Weirdness & Mutations

You have razor-sharp teeth.
You heal very quickly.
When hurt, damage is shared between your health and your magic reserves.
Your bite disrupts and absorbs the magic of your enemies.
Potions cannot restore your health.
You are immune to rotting.


Message History

The orc high priest is moderately wounded.
You hit the orc high priest but do no damage.
The orc high priest is moderately wounded.
You repeatedly attack the hellwing from above.
You hit the hellwing but do no damage.
The hellwing is heavily wounded.
You hit the hellwing but do no damage. Lightning courses through the hellwing!
Your bite misses the hellwing.
The hellwing is almost dead.
You repeatedly attack the red devil from above.
You hit the red devil but do no damage.
Lightning courses through the red devil!
The red devil is almost dead.
You hit the red devil.
You kill the red devil!
The hellwing completely misses you. You block the hellwing's attack.
You block the orc high priest's attack.
The orc priest calls down the wrath of Beogh upon you.
Beogh smites you!
You die...

####.###.###.#######....# .#
_..#.# #.# #.# #....# ..##
...#.###.###.# #....# ...##
...#.........# #...###....#
'###.###.###.# #..........#
.....# #.# #.###+###.........##
..8..# #)# #.....)...........##
....)###.###..##○###..........#
)[).)))))...[.#○@°.#.......#.##
)###)#######..#oo4.#.......###
.# #.# #..#...∩#........#
.###.#######..######.....#.##
........................##.##
.....................[......#
###...#....................##
###.#.#.......#............#
##..........####......#..#.##


You could see an orc high priest, a hellwing and an orc priest.

Vanquished Creatures
  2 dire elephants
  Fannar (D:10)
  8 vault guards (D:14)
  6 hydras
  3 two-headed ogres
  3 centaur warriors
  7 orc high priests (Orc:2)
  18 death yaks
  3 skeletal warriors (D:14)
  A sixfirhy (Lair:6)
  An unseen horror (D:13)
  A wizard (Lair:6)
  A deep elf mage (D:12)
  A wolf spider zombie (D:15)
  2 orc knights (D:12)
  A wolf spider (D:15)
  An orc sorcerer (Orc:2)
  A cyclops (D:15)
  7 elephants (Lair:6)
  4 ugly things
  2 manticores
  4 black mambas
  4 centaur skeletons
  12 spiny frogs
  A gargoyle (D:10)
  A smoke demon (Lair:6)
  5 komodo dragons
  3 rime drakes
  A komodo dragon (shapeshifter) (D:13)
  4 ice devils (Lair:6)
  3 polar bears
  2 red devils (Lair:6)
  3 trolls
  Prince Ribbit (D:5)
  2 slime creatures (D:15)
  A merfolk (D:10)
  10 blink frogs
  A snapping turtle (Lair:3)
  A harpy skeleton (D:14)
  8 hippogriffs
  A centaur simulacrum (D:15)
  A vampire (D:15)
  A tarantella (Lair:3)
  5 wraiths
  Eustachio (D:6)
  2 shadows
  19 yaks
  4 wyverns
  A water elemental (D:12)
  4 hungry ghosts
  2 steam dragons (D:9)
  3 wargs (Orc:2)
  Menkaure (D:7)
  Edmund (D:5)
  2 soldier ants
  An acid dragon (D:12)
  4 hell hounds (Lair:6)
  19 water moccasins
  3 porcupines
  14 orc warriors
  A sky beast (D:5)
  2 phantoms
  6 ice beasts
  A necrophage (D:9)
  6 ogres
  5 wolves
  15 centaurs
  14 crocodiles
  2 big kobolds
  12 bullfrogs
  A gnoll sergeant (D:12)
  Blork the orc (D:5)
  2 wyvern skeletons
  4 scorpions
  5 killer bees (D:13)
  An electric eel (D:12)
  8 wights
  4 howler monkeys
  5 crimson imps
  3 centaur zombies
  3 bullfrog zombies
  A quasit (D:7)
  2 bullfrog skeletons
  6 hounds
  2 jellies
  29 orc priests
  Jessica (D:2)
  7 iguanas
  16 orc wizards
  11 worker ants
  2 big kobold zombies (Ossuary)
  A hound skeleton (D:4)
  2 hound zombies (D:9)
  5 mummies (Ossuary)
  A howler monkey skeleton (D:10)
  10 gnolls
  10 adders
  A river rat (Lair:5)
  7 shadow imps
  An ooze (D:6)
  2 adder zombies
  An adder skeleton (D:4)
  2 worms
  2 dart slugs
  6 leopard geckos
  100 orcs
  2 ball pythons
  4 giant cockroaches
  9 goblins
  5 hobgoblins
  4 jackals (D:7)
  7 quokkas
  10 bats
  6 frilled lizards
  2 goblin zombies (Ossuary)
  18 kobolds
  2 kobold zombies (Ossuary)
  2 orc zombies (Ossuary)
  8 rats
638 creatures vanquished.

Vanquished Creatures (others)
  16 fungi
  3 plants
19 creatures vanquished.

Grand Total: 657 creatures vanquished

Notes
Turn   | Place    | Note
-------+----------+-------------------------------------------
     0 | D:1      | Morbidden the Vine Stalker Fighter began the quest for the
                  | Orb.
     0 | D:1      | Reached XP level 1. HP: 11/11 MP: 2/2
   123 | D:1      | Reached XP level 2. HP: 16/16 MP: 3/3
   153 | D:1      | Reached skill level 1 in Stealth
   267 | D:1      | Reached XP level 3. HP: 16/19 MP: 4/4
   664 | D:2      | Noticed Jessica
   674 | D:2      | Killed Jessica
   674 | D:2      | Gained mutation: Your natural rate of healing is unusually
                  | fast. [Vine Stalker growth]
   674 | D:2      | Reached XP level 4. HP: 5/24 MP: 3/5
  1055 | D:2      | Found a faded altar of an unknown god.
  1208 | D:2      | Found a shimmering altar of Xom.
  1328 | D:2      | Found a bloodstained altar of Trog.
  1328 | D:2      | Found a sacrificial altar of Ru.
  1755 | D:3      | Reached XP level 5. HP: 11/28 MP: 1/6
  1824 | D:4      | Reached skill level 1 in Spellcasting
  1843 | D:4      | Noticed an orc warrior
  2080 | D:4      | Found a sand-covered staircase.
  2086 | Ossuary  | Entered an ossuary
  2127 | Ossuary  | Reached XP level 6. HP: 32/32 MP: 8/8
  2404 | D:4      | Found a staircase to the Ecumenical Temple.
  2414 | Temple   | Entered the Ecumenical Temple
  2481 | Temple   | Became a worshipper of the Wu Jian Council
  2770 | D:4      | Killed an orc warrior
  2770 | D:4      | Reached XP level 7. HP: 25/37 MP: 4/11
  3142 | D:5      | Entered Level 5 of the Dungeon
  3214 | D:5      | Found a glowing silver altar of Zin.
  3431 | D:5      | Noticed Blork the orc
  3442 | D:5      | Killed Blork the orc
  3562 | D:5      | Reached skill level 5 in Short Blades
  3562 | D:5      | Gained mutation: You have razor-sharp teeth. [Vine Stalker
                  | growth]
  3562 | D:5      | Reached XP level 8. HP: 24/42 MP: 13/13
  3713 | D:5      | Found a white marble altar of Elyvilon.
  3713 | D:5      | Found a stormy altar of Qazlal.
  3797 | D:5      | Noticed Edmund
  3815 | D:5      | Killed Edmund
  3941 | D:5      | Found a burning altar of Makhleb.
  3943 | D:5      | Noticed a balrug
  3961 | D:5      | Found a glowing silver altar of Zin.
  3961 | D:5      | Noticed an angel
  4120 | D:5      | Noticed Prince Ribbit
  4133 | D:5      | Killed Prince Ribbit
  4250 | D:6      | Noticed Eustachio
  4285 | D:6      | Reached * piety under Wu Jian
  4285 | D:6      | Reached skill level 1 in Dodging
  4533 | D:6      | Reached skill level 5 in Fighting
  4761 | D:6      | Reached XP level 9. HP: 47/47 MP: 15/15
  4990 | D:6      | Killed Eustachio
  5360 | D:6      | Found an iron altar of Okawaru.
  5748 | D:7      | Reached ** piety under Wu Jian
  5765 | D:7      | Noticed Menkaure
  5770 | D:7      | Killed Menkaure
  6038 | D:7      | Found a snail-covered altar of Cheibriados.
  6191 | D:8      | Noticed a death yak
  6192 | D:8      | Noticed a death yak
  6241 | D:7      | Killed a death yak
  6241 | D:7      | Reached skill level 5 in Shields
  6241 | D:7      | Reached skill level 5 in Spellcasting
  6241 | D:7      | Reached XP level 10. HP: 40/53 MP: 14/18
  6290 | D:8      | Killed a death yak
  6416 | D:8      | Reached skill level 5 in Armour
  6446 | D:8      | Noticed a two-headed ogre
  6512 | D:8      | Noticed a death yak
  6517 | D:8      | Noticed a death yak
  6611 | D:7      | Killed a two-headed ogre
  6741 | D:8      | Found a staircase to the Lair.
  7105 | D:7      | Killed a death yak
  7277 | D:8      | Killed a death yak
  7277 | D:8      | Reached XP level 11. HP: 32/58 MP: 10/21
  7484 | D:8      | Found a runed door.
  7488 | D:8      | Noticed SpeedVeins's ghost (novice MiFi)
  7640 | D:9      | Reached *** piety under Wu Jian
  7810 | D:9      | Found Piny's Food Shoppe.
  8197 | D:9      | Reached **** piety under Wu Jian
  8206 | D:9      | Noticed a two-headed ogre
  8228 | D:9      | Killed a two-headed ogre
  8497 | D:10     | Entered Level 10 of the Dungeon
  8572 | D:10     | Noticed Fannar
  8806 | Lair:1   | Entered Level 1 of the Lair of Beasts
  9230 | Lair:1   | Gained mutation: You heal very quickly. [Vine Stalker
                  | growth]
  9230 | Lair:1   | Reached XP level 12. HP: 61/65 MP: 22/24
  9587 | Lair:2   | Reached skill level 10 in Short Blades
  9656 | Lair:2   | Noticed a death yak
  9658 | Lair:2   | Noticed a death yak
  9660 | Lair:2   | Noticed a death yak
  9685 | Lair:1   | Killed a death yak
  9685 | Lair:1   | Reached skill level 5 in Dodging
  9984 | Lair:2   | Noticed a death yak
  9999 | Lair:2   | Killed a death yak
 10007 | Lair:2   | Killed a death yak
 10016 | Lair:2   | Killed a death yak
 10083 | Lair:2   | Noticed a death yak
 10083 | Lair:2   | Noticed a death yak
 10083 | Lair:2   | Noticed a death yak
 10084 | Lair:2   | Noticed a death yak
 10084 | Lair:2   | Noticed a death yak
 10098 | Lair:2   | Noticed a death yak
 10108 | Lair:2   | Killed a death yak
 10119 | Lair:2   | Killed a death yak
 10129 | Lair:2   | Killed a death yak
 10142 | Lair:2   | Killed a death yak
 10151 | Lair:2   | Killed a death yak
 10168 | Lair:2   | Killed a death yak
 10683 | Lair:3   | Found a hole to the Spider Nest.
 10796 | Lair:3   | Reached XP level 13. HP: 56/71 MP: 19/26
 10917 | Lair:3   | Reached ***** piety under Wu Jian
 11240 | Lair:3   | Found a staircase to the Shoals.
 11376 | Lair:4   | Reached skill level 10 in Fighting
 11381 | Lair:4   | Found a runed gate.
 11381 | Lair:4   | Found a runed gate.
 11382 | Lair:4   | Noticed a death ooze
 11413 | Lair:4   | Found a runed gate.
 11604 | Lair:4   | Noticed Cemeysch's ghost (journeyman GnWn)
 11713 | Lair:4   | Got a scintillating marble ring
 11729 | Lair:4   | Identified the ring "Deato" {rElec rF+ Dex+3} (You found it
                  | on level 4 of the Lair of Beasts)
 12086 | Lair:4   | Found a viscous altar of Jiyva.
 12313 | Lair:5   | Found a runed door.
 12318 | Lair:5   | Noticed Uhin Nir's ghost (journeyman MiBe)
 12689 | Lair:5   | Found a runed door.
 12689 | Lair:5   | Found a viscous altar of Jiyva.
 12694 | Lair:5   | Found a staircase to the Slime Pits.
 12755 | Lair:5   | Reached skill level 5 in Stealth
 12987 | Lair:6   | Entered Level 6 of the Lair of Beasts
 13293 | Lair:6   | Reached XP level 14. HP: 61/77 MP: 28/28
 13929 | Lair:6   | Noticed a dire elephant
 13942 | Lair:6   | Killed a dire elephant
 14134 | Lair:6   | Found a burning altar of Makhleb.
 14145 | Lair:6   | Found a gateway to Hell.
 14518 | D:10     | Killed Fannar
 14518 | D:10     | Reached skill level 10 in Spellcasting
 16012 | D:12     | Found a roughly hewn altar of Beogh.
 16012 | D:12     | Found a staircase to the Orcish Mines.
 16244 | D:12     | Found Cisedoj's Antique Armour Shop.
 16443 | D:13     | Reached skill level 1 in Evocations
 16759 | D:13     | Reached ****** piety under Wu Jian
 16967 | D:13     | Found a portal to a secret trove of treasure.
 17363 | D:14     | Found a gate to the Vaults.
 17409 | D:14     | Reached XP level 15. HP: 84/84 MP: 30/30
 18105 | D:15     | Entered Level 15 of the Dungeon
 18845 | D:15     | Found a staircase to the Depths.
 19337 | Orc:1    | Entered Level 1 of the Orcish Mines
 19391 | Orc:1    | Found a roughly hewn altar of Beogh.
 19559 | Orc:2    | Entered Level 2 of the Orcish Mines
 19559 | Orc:2    | Found Vogoez's Mass Market.
 19744 | Orc:2    | Found a roughly hewn altar of Beogh.
 19799 | Orc:2    | Found Uter's Assorted Antiques.
 19799 | Orc:2    | Found Qayseg's Armour Emporium.
 20145 | Orc:2    | Found a staircase to the Elven Halls.
 20183 | Orc:2    | Found Uruery's Weapon Shop.
 20193 | Orc:2    | Reached skill level 10 in Shields
 20209 | Orc:2    | Killed from afar by an orc priest

Vault maps used:
D:1:      minmay_arrival_shattered_statue, chequers_hall_statues_y
D:2:      gammafunk_temple_overflow_statue, lemuel_round_altar, first_ration,
          chequers_ecumenical_altar_twisty, uniq_jessica
D:4:      minmay_temple_entry_hall, lightli_ossuary_entry_decrepit_ruins
D:5:      grunt_temple_overflow_order_and_chaos_2,
          gammafunk_temple_overflow_wave, basic_altar, mrwooster_statue_mirror,
          uniq_blork_the_orc, uniq_edmund, uniq_prince_ribbit1
D:6:      lemuel_crystal_altar, dk_noncrumbling_2, uniq_eustachio
D:7:      marbit_many_paths, uniq_menkaure
D:8:      dpeg_lair_monsters, gammafunk_ghost_grave
D:9:      cheibrodos_ideogram_h, serial_shops, nicolae_shop_crystal
D:10:     hangedman_fish_farm, uniq_fannar
D:12:     david_orc_5, serial_shops, kennysheep_little_box, kennysheep_path_1
D:13:     nicolae_trove_entry_columns
D:14:     erik_vaults_2, serial_co_window_serial, co_window_paths_b,
          co_window_paths_a, co_window_corner_a, co_window_corner_a,
          co_window_paths_b, co_window_broadway_c, co_window_paths_c,
          co_window_corner_b, co_window_cross_4, co_window_unsneaky_path_a,
          minivault_24
D:15:     hangedman_depths_entry_try_elsewhere_first
Temple:   nicolae_temple_figure_eight
Lair:1:   minivault_19, serial_bayou_pond_e
Lair:3:   minmay_shoals_entry_hut, spider_nest_entry_rubble
Lair:4:   gammafunk_ghost_ooze, st_stairs_7
Lair:5:   slime_altar_2, serial_rivers, chequers_serial_rivers_micro_b,
          chequers_serial_rivers_large_b, chequers_serial_rivers_micro_d,
          chequers_serial_rivers_small_b, chequers_serial_rivers_room_b,
          chequers_serial_rivers_marsh, ebering_ghost_inner_flame, pond
Lair:6:   evil_forest, infiniplex_staircase_pool_2, lemuel_fruit_tree
Orc:1:    basic_altar, uniq_erica
Orc:2:    st_orc_town, minmay_shop_mass
Ossuary:  ossuary_crypta

Skill      XL: |  1  2  3  4  5  6  7  8  9 10 11 12 13 14 15 |
---------------+----------------------------------------------+-----
Stealth        | 1 2 3 4 5 7 8 |  8.2
Short Blades   | 2 3 4 5 6 7 8 9 10 11 12 | 12.9
Shields        | 3 4 5 6 7 8 9 10 | 10.0
Fighting       | 3 4 5 6 7 8 9 10 11 12 | 12.2
Spellcasting   | 1 2 3 5 6 7 8 9 10 11 | 11.0
Armour         | 3 4 5 |  5.8
Dodging        | 1 2 4 5 6 7 |  7.3
Evocations     | 2 |  2.6

Action                   |  1- 3 |  4- 6 |  7- 9 | 10-12 | 13-15 || total
-------------------------+-------+-------+-------+-------+-------++-------
Melee: Rapier            |    89 |   222 |   320 |   589 |  1228 ||  2448
       Bite              |    26 |    62 |   122 |   234 |   539 ||   983
Invok: Lunge             |       |     3 |    24 |    39 |   106 ||   172
       Whirlwind         |       |       |    28 |    42 |   100 ||   170
       Serpent's Lash    |       |       |       |     1 |     1 ||     2
       Heavenly Storm    |       |       |       |       |     3 ||     3
 Abil: Wall Jump         |       |       |     4 |    46 |    34 ||    84
  Use: Potion            |     2 |     3 |     1 |       |       ||     6
       Scroll            |       |    10 |     8 |     3 |    15 ||    36
 Stab: Sleeping          |       |       |       |     2 |    45 ||    47
       Distracted        |       |       |       |     1 |     4 ||     5
  Eat: Chunk             |       |     6 |    14 |    14 |    28 ||    62
       Ration            |       |       |       |     1 |     1 ||     2
Armor: Scale mail        |    55 |       |       |       |       ||    55
       Chain mail        |       |    60 |    98 |    51 |       ||   209
       Skin              |       |     2 |       |       |       ||     2
       Steam dragon scal |       |       |       |    50 |   140 ||   190
Dodge: Dodged            |    34 |    21 |    40 |   130 |   321 ||   546
Block: Shield            |    56 |   100 |   109 |   173 |   330 ||   768
       Large shield      |       |       |       |       |   164 ||   164

Table legend:
 A = Non-vault XP
 B = Vault XP
 C = Vault XP percentage of total XP
 D = Non-vault monster count
 E = Vault monster count
 F = Vault count percentage of total count
                 A         B        C        D         E       F
            +---------+---------+-------+---------+---------+-------
      Total |   71790 |   39273 |  35.4 |     479 |     159 |  24.9
            +---------+---------+-------+---------+---------+-------
        D:1 |      52 |       0 |   0.0 |      31 |       0 |   0.0
        D:2 |      28 |      37 |  56.9 |      13 |       1 |   7.1
        D:3 |      48 |       0 |   0.0 |      11 |       0 |   0.0
        D:4 |     446 |       0 |   0.0 |      22 |       0 |   0.0
        D:5 |     458 |     533 |  53.8 |      16 |       3 |  15.8
        D:6 |     969 |     208 |  17.7 |      19 |       1 |   5.0
        D:7 |    1795 |    1850 |  50.8 |      20 |       4 |  16.7
        D:8 |    1234 |    1811 |  59.5 |      22 |       2 |   8.3
        D:9 |    2613 |    2199 |  45.7 |      37 |      19 |  33.9
       D:10 |    1979 |    1319 |  40.0 |      24 |       2 |   7.7
       D:11 |    2136 |       0 |   0.0 |      19 |       0 |   0.0
       D:12 |    4064 |    1709 |  29.6 |      39 |      23 |  37.1
       D:13 |    6421 |       0 |   0.0 |      35 |       0 |   0.0
       D:14 |    5332 |    7883 |  59.7 |      14 |       8 |  36.4
       D:15 |    4653 |    3033 |  39.5 |      16 |       4 |  20.0
     Lair:1 |    5255 |       0 |   0.0 |      21 |       0 |   0.0
     Lair:2 |    9717 |       0 |   0.0 |      17 |       0 |   0.0
     Lair:3 |    4236 |     496 |  10.5 |      16 |       2 |  11.1
     Lair:4 |    3918 |     145 |   3.6 |       9 |       1 |  10.0
     Lair:5 |    5993 |     401 |   6.3 |      24 |       4 |  14.3
     Lair:6 |    8220 |   10355 |  55.7 |      21 |      25 |  54.3
      Orc:1 |     454 |       0 |   0.0 |       6 |       0 |   0.0
      Orc:2 |    1769 |    7145 |  80.2 |      27 |      47 |  63.5
    Ossuary |       0 |     149 | 100.0 |       0 |      13 | 100.0
            +---------+---------+-------+---------+---------+-------
